 Dungeon Crawl Stone Soup version 0.30-a0-793-g160f7cfddd (webtiles) character file.

Game seed: 4626217606192781409

388 cheesebisquit the Chopper (level 6, -2/56 HPs)
             Began as a Hill Orc Monk on Feb 19, 2023.
             Was a Believer of Beogh.
             Slain by an iguana (3 damage)
             ... on level 3 of the Dungeon.
             The game lasted 00:16:22 (3621 turns).

cheesebisquit the Chopper (Hill Orc Monk)           Turns: 3621, Time: 00:16:22

Health: -2/56      AC: 12    Str: 16    XL:     6   Next: 79%
Magic:  8/8        EV:  7    Int: 10    God:    Beogh [**....]
Gold:   159        SH:  0    Dex: 13    Spells: 5/5 levels left

rFire   . . .      SeeInvis .    a - +0 hand axe
rCold   . . .      Faith    .    (no shield)
rNeg    + . .      Spirit   .    y - +0 chain mail
rPois   .          Reflect  .    (no helmet)
rElec   .          Harm     .    w - +1 cloak
rCorr   .          Rampage  .    u - +0 pair of gloves
Will    .....                    (no boots) Stlth
                                 (no amulet)
HPRegen 0.29/turn                v - ring of wizardry
MPRegen 0.11/turn                d - ring of positive energy

@: confused, ambrosia-drunk
A: no striking features
a: Renounce Religion, Smiting


You were on level 3 of the Dungeon.
You worshipped Beogh.
Beogh was pleased with you.
You visited 1 branch of the dungeon, and saw 4 of its levels.

You collected 159 gold pieces.

Inventory:

Hand Weapons
 a - a +0 hand axe (weapon)
 b - the +6 sling "Lifebane" {heavy, rElec rPois rCorr Str+3}
   (You found it on level 3 of the Dungeon)

   Str:       It affects your strength (+3).
   rElec:     It insulates you from electricity.
   rPois:     It protects you from poison.
   rCorr:     It protects you from acid and corrosion.
Missiles
 e - 7 poisoned darts
 m - 25 stones
 o - 12 boomerangs (quivered)
Armour
 g - a scarf of repulsion
 u - a +0 pair of gloves (worn)
 w - a +1 cloak (worn)
 x - a +2 leather armour of willpower
 y - a +0 chain mail (worn)
Jewellery
 d - a ring of positive energy (right hand)
 s - an amulet of faith
 v - a ring of wizardry (left hand)
Scrolls
 h - a scroll of teleportation
 i - a scroll of brand weapon {unknown}
 j - 2 scrolls of amnesia
 k - 2 scrolls of vulnerability {unknown}
 p - a scroll of immolation {unknown}
 r - 2 scrolls of identify {unknown}
Potions
 f - a potion of degeneration {unknown}
 l - 4 potions of flight {unknown}
 n - a potion of might {unknown}
 q - a potion of berserk rage {unknown}
 t - a potion of brilliance {unknown}


   Skills:
 + Level 5.0 Fighting
 * Level 7.4 Axes
 + Level 2.9 Armour
 - Level 2.4 Dodging
 - Level 1.5 Stealth
 + Level 2.8 Invocations


You had 5 spell levels left.
You didn't know any spells.
Your spell library contained the following spells:

 Spells                   Type           Power      Damage    Failure   Level
 Apportation              Tloc           0%         N/A       92%         1
 Foxfire                  Conj/Fire      0%         2x1d4     92%         1
 Necrotise                Necr           0%         1d4       92%         1
 Summon Small Mammal      Summ           0%         N/A       92%         1
 Ensorcelled Hibernation  Hex/Ice        0%         N/A       98%         2
 Call Canine Familiar     Summ           0%         N/A       100%        3
 Spider Form              Tmut/Pois      0%         N/A       100%        3
 Summon Guardian Golem    Hex/Summ       0%         N/A       100%        3
 Anguish                  Hex/Necr       0%         N/A       100%        4
 Fireball                 Conj/Fire      0%         3d3       100%        5
 Starburst                Conj/Fire      0%         6d3       100%        6


Dungeon Overview and Level Annotations

Branches:
Dungeon (4/15)
 Temple: D:4-7

Altars:
Dithmenos


Message History

The kobold hits you but does no damage.
There is a stone staircase leading up here.
The orc priest shouts!
The iguana hisses angrily.
The endoplasm hits you but does no damage.
The kobold barely misses you.
You climb upwards.
There is a stone staircase leading down, spattered with blood here.
You miss the kobold. You hit the endoplasm.
The kobold hits you but does no damage. The endoplasm freezes you.
You are frozen.
You slash the kobold!
You kill the kobold!
Beogh accepts your kill.
You hit the endoplasm.
You kill the endoplasm!
Beogh accepts your kill.
You start resting.
HP restored.
You climb downwards.
The iguana bites you but does no damage.
The ogre hits you with a +0 giant club!!
Ouch! That really hurt!
There is a stone staircase leading up, spattered with blood here.
The orc priest mumbles some strange prayers to Beogh against you.
Beogh smites you! The iguana bites you!
* * * LOW HITPOINT WARNING * * *
The ogre closely misses you.
You climb upwards.
There is a stone staircase leading down, spattered with blood here.
Okay, then.
Okay, then.
You are confused.
You feel invigorated.
The iguana bites you but does no damage.
You barely miss the iguana. You closely miss the ogre.
The ogre hits you with a +0 giant club!
* * * LOW HITPOINT WARNING * * *
The iguana bites you.
You die...

..#..........##
#####
..############
...### .....##
####..##
##..########## #
##..........# #
##########O##
#########......l@#
..........########
....####### ...[#
#####


You could see an ogre and an iguana.

Vanquished Creatures
  A black bear (D:3)
  A scorpion (D:3)
  A howler monkey (D:4)
  A hound (D:3)
  2 orc wizards
  4 adders
  An ufetubus (D:4)
  A worm (D:2)
  A dart slug (D:3)
  8 orcs
  2 endoplasms
  2 giant cockroaches
  2 goblins
  8 hobgoblins
  6 jackals
  4 kobolds
  4 quokkas
  A ball python (D:2)
  5 bats
  2 frilled lizards
  6 rats
63 creatures vanquished.

Vanquished Creatures (others)
  An endoplasm (D:3)
  A plant (D:4)
2 creatures vanquished.

Grand Total: 65 creatures vanquished

Notes
Turn   | Place    | Note
-------+----------+-------------------------------------------
     0 | D:1      | cheesebisquit the Hill Orc Monk began the quest for the
                  | Orb.
     0 | D:1      | Reached XP level 1. HP: 19/19 MP: 1/1
   270 | D:1      | Found a faded altar of an unknown god.
   384 | D:1      | Reached XP level 2. HP: 23/26 MP: 2/2
   618 | D:1      | Reached skill level 5 in Axes
  1018 | D:2      | Reached XP level 3. HP: 21/33 MP: 3/3
  1270 | D:2      | Reached skill level 1 in Armour
  1477 | D:2      | Reached XP level 4. HP: 38/40 MP: 4/4
  1820 | D:3      | Became a worshipper of Beogh the Brigand
  1820 | D:3      | Reached * piety under Beogh
  1820 | D:3      | Reached ** piety under Beogh
  1824 | D:3      | Found a shadowy altar of Dithmenos.
  2020 | D:3      | Reached skill level 6 in Axes
  2020 | D:3      | Reached skill level 1 in Invocations
  2105 | D:3      | Identified the +6 sling "Lifebane" {heavy, rElec rPois
                  | rCorr Str+3}
  2565 | D:3      | Reached XP level 5. HP: 46/46 MP: 5/5
  2632 | D:3      | Found a shadowy altar of Dithmenos.
  3250 | D:4      | Noticed an ogre
  3252 | D:4      | Noticed a black bear
  3274 | D:3      | Reached XP level 6. HP: 22/53 MP: 7/7
  3291 | D:3      | Reached skill level 7 in Axes
  3557 | D:3      | Killed a black bear
  3558 | D:3      | Reached skill level 5 in Fighting
  3621 | D:3      | HP: 1/56 [ogre/+0 giant club (14)]
  3621 | D:3      | Slain by an iguana

Illustrated notes

Levels and vault maps discovered:
D:1:      dpeg_arrival_more_subterranean_lakeside_camping, layout_basic,
          basic_ecumenical_altar
D:2:      layout_basic, corexii_leaking_fountain, minmay_misc_feat_four_crosses
D:3:      layout_rooms, nicolae_dithmenos_through_a_glass_darkly
D:4:      layout_rooms, minmay_temple_entry_gardened_gates,
          roderic_roman_lattice, minmay_circle_x

Skill      XL: |  1  2  3  4  5  6 |
---------------+-------------------+-----
Axes           | 5 6 7 |  7.4
Armour         | 1 2 |  2.9
Fighting       | 4 5 |  5.0
Invocations    | 1 2 |  2.8
Dodging        | |  2.4
Stealth        | |  1.5

Action                     |  1- 3 |  4- 6 || total
---------------------------+-------+-------++-------
  Melee: Hand axe          |   134 |   142 ||   276
         Punch             |       |     2 ||     2
   Fire: Sling             |       |     8 ||     8
  Throw: Boomerang         |     1 |       ||     1
 Invoke: Convert to Beogh  |       |     1 ||     1
    Use: Scroll            |       |     2 ||     2
         Potion            |       |     1 ||     1
 Armour: Ring mail         |     9 |       ||     9
         Scale mail        |    57 |    21 ||    78
         Chain mail        |       |    89 ||    89
  Dodge: Dodged            |    77 |    78 ||   155

Table legend: (Time is in decaauts)
 A = Elapsed time spent in this place.
 B = Non-inter-level travel time spent in this place.
 C = Inter-level travel time spent in this place.
 D = Time resting spent in this place.
 E = Time spent auto-exploring this place.
 F = Levels seen in this place.
 G = Mean time per level.
                   A        B        C        D        E       F      G
               +--------+--------+--------+--------+--------+-----+--------+
         Total |   3644 |   3324 |    320 |    538 |   2034 |   4 |  911.0 |
       Dungeon |   3644 |   3324 |    320 |    538 |   2034 |   4 |  911.0 |
               +--------+--------+--------+--------+--------+-----+--------+

Top non-repeatable levels by time:
     D:3: 1495 daAuts
     D:1: 911 daAuts
     D:2: 806 daAuts
     D:4: 430 daAuts
